 Dungeon Crawl Stone Soup version 0.31-a0-609-g7bf6ffcfed (webtiles) character file.

Game seed: 3713159326371805034

154 cforsyth the Charlatan (level 5, -4/41 HPs)
             Began as a Gnoll Artificer on Aug 21, 2023.
             Slain by a worm (9 damage)
             ... on level 2 of the Dungeon.
             The game lasted 00:00:45 (149 turns).

cforsyth the Charlatan (Gnoll Artificer)             Turns: 149, Time: 00:00:45

Health: -4/41      AC:  3    Str: 11    XL:     5   Next: 36%
Magic:  2/7        EV: 12    Int: 13    God:
Gold:   17         SH:  0    Dex: 12    Spells: 7/7 levels left

rFire   . . .        a - +0 club
rCold   . . .        (no shield)
rNeg    . . .        b - +0 leather armour
rPois   .            (no helmet)
rElec   .            (no cloak)
rCorr   .            (no gloves)
SInv    .            (no boots)
Will    .....        (no amulet)
Stlth   ++           (no ring)
HPRegen 0.26/turn    (no ring)
MPRegen 0.10/turn

%: no passive effects
@: no status effects
A: fangs 1, strong nose, distributed training
a: no special abilities


You were on level 2 of the Dungeon.
You visited 1 branch of the dungeon, and saw 2 of its levels.

You collected 17 gold pieces.

Inventory:

Hand Weapons
 a - a +0 club (weapon)
Armour
 b - a +0 leather armour (worn)
Wands
 c - a wand of flame (6) (quivered)
 d - a wand of charming (15)
 e - a wand of iceblast (5)


   Skills:
 + Level 3.0 Fighting
 + Level 1.5 Short Blades
 + Level 1.5 Long Blades
 + Level 1.5 Axes
 + Level 1.5 Maces & Flails
 + Level 1.5 Polearms
 + Level 1.5 Staves
 + Level 1.5 Ranged Weapons
 + Level 1.5 Throwing
 + Level 4.8 Armour
 + Level 3.0 Dodging
 + Level 2.8 Stealth
 + Level 1.5 Shields
 + Level 1.5 Unarmed Combat
 + Level 1.5 Spellcasting
 + Level 1.2 Conjurations
 + Level 1.2 Hexes
 + Level 1.2 Summonings
 + Level 1.2 Necromancy
 + Level 1.2 Translocations
 + Level 1.2 Transmutations
 + Level 1.2 Fire Magic
 + Level 1.2 Ice Magic
 + Level 1.2 Air Magic
 + Level 1.2 Earth Magic
 + Level 1.2 Poison Magic
 + Level 1.7 Invocations
 + Level 6.7 Evocations
 + Level 1.2 Shapeshifting


You had 7 spell levels left.
You didn't know any spells.
Your spell library was empty.

Dungeon Overview and Level Annotations

Branches:
Dungeon (1/15)

Altars:


Innate Abilities, Weirdness & Mutations

You have very sharp teeth.
Your uncanny sense of smell can sniff out nearby items.
Your experience applies equally to all skills.


Message History

You are too injured to fight recklessly!
You are too injured to fight recklessly!
You are too injured to fight recklessly!
You are too injured to fight recklessly!
You are too injured to fight recklessly!
You are too injured to fight recklessly!
You are too injured to fight recklessly!
You are too injured to fight recklessly!
You are too injured to fight recklessly!
You are too injured to fight recklessly!
You hit the quokka but do no damage.
The quokka bites you but does no damage.
The worm barely misses you. The quokka closely misses you.
You hit the quokka but do no damage. The quokka misses you. The worm bites you!
* * * LOW HITPOINT WARNING * * *
Aiming: Throw Flame
Press: ? - help, Shift-Dir - straight line, f - quokka
Aim: a quokka (64% to hit)
The puff of flame misses the quokka.
The quokka misses you. The quokka bites you.
* * * LOW HITPOINT WARNING * * *
Aiming: Throw Flame
Press: ? - help, Shift-Dir - straight line, f/p - quokka
Aim: a quokka (64% to hit)
The puff of flame hits the quokka.
The quokka is severely wounded.
The worm bites you.
* * * LOW HITPOINT WARNING * * *
The quokka barely misses you.
Aiming: Throw Flame
Press: ? - help, Shift-Dir - straight line, f/p - quokka
Aim: a quokka (severely wounded, 64% to hit)
The puff of flame misses the quokka.
The quokka barely misses you.
Aiming: Throw Flame
Press: ? - help, Shift-Dir - straight line, f/p - quokka
Aim: a quokka (severely wounded, 64% to hit)
The puff of flame hits the quokka!
You kill the quokka!
The worm bites you!
You die...

..................+
..............#####
..###...##.....#
#...##.....#
#...##.....#
#...##.....#
######....+.......
#...).....#........
#.....@...#.....##.
#[....w...#.....#
#. #####.....#
#.....# #.....#
......# ..#+#.# ...
.#


You could see a worm.

Vanquished Creatures
  Sigmund (D:2)
  A bat (D:1)
  A hobgoblin (D:1)
  2 quokkas
  A frilled lizard (D:1)
6 creatures vanquished.

Notes
Turn   | Place    | Note
-------+----------+-------------------------------------------
     0 | D:1      | cforsyth the Gnoll Artificer began the quest for the Orb.
     0 | D:1      | Reached XP level 1. HP: 17/17 MP: 1/1
    99 | D:1      | You fall into a shaft and drop 1 floor!
   126 | D:2      | Noticed Sigmund
   133 | D:2      | Killed Sigmund
   134 | D:2      | Reached skill level 1 in Short Blades
   134 | D:2      | Reached skill level 1 in Long Blades
   134 | D:2      | Reached skill level 1 in Axes
   134 | D:2      | Reached skill level 1 in Maces & Flails
   134 | D:2      | Reached skill level 1 in Polearms
   134 | D:2      | Reached skill level 1 in Staves
   134 | D:2      | Reached skill level 1 in Ranged Weapons
   134 | D:2      | Reached skill level 1 in Throwing
   134 | D:2      | Reached skill level 1 in Shields
   134 | D:2      | Reached skill level 1 in Unarmed Combat
   134 | D:2      | Reached skill level 1 in Spellcasting
   134 | D:2      | Reached skill level 1 in Conjurations
   134 | D:2      | Reached skill level 1 in Hexes
   134 | D:2      | Reached skill level 1 in Summonings
   134 | D:2      | Reached skill level 1 in Necromancy
   134 | D:2      | Reached skill level 1 in Translocations
   134 | D:2      | Reached skill level 1 in Transmutations
   134 | D:2      | Reached skill level 1 in Fire Magic
   134 | D:2      | Reached skill level 1 in Ice Magic
   134 | D:2      | Reached skill level 1 in Air Magic
   134 | D:2      | Reached skill level 1 in Earth Magic
   134 | D:2      | Reached skill level 1 in Poison Magic
   134 | D:2      | Reached skill level 1 in Invocations
   134 | D:2      | Reached skill level 1 in Shapeshifting
   134 | D:2      | Reached XP level 2. HP: 16/24 MP: 1/4
   134 | D:2      | Reached XP level 3. HP: 20/29 MP: 1/5
   134 | D:2      | Reached XP level 4. HP: 24/35 MP: 1/6
   134 | D:2      | Reached XP level 5. HP: 28/41 MP: 1/7
   149 | D:2      | Slain by a worm

Illustrated notes

Levels and vault maps discovered:
D:1:      roderic_dead_forest, layout_basic, serial_shops,
          nicolae_shop_just_a_little_nook, minmay_tetromino_o2
D:2:      layout_basic, uniq_sigmund, uniq_crazy_yiuf_cottage

Skill      XL: |  1 |
---------------+----+-----
Fighting       | 3 |  3.0
Short Blades   | 1 |  1.5
Long Blades    | 1 |  1.5
Axes           | 1 |  1.5
Maces & Flails | 1 |  1.5
Polearms       | 1 |  1.5
Staves         | 1 |  1.5
Ranged Weapons | 1 |  1.5
Throwing       | 1 |  1.5
Dodging        | 3 |  3.0
Shields        | 1 |  1.5
Unarmed Combat | 1 |  1.5
Spellcasting   | 1 |  1.5
Conjurations   | 1 |  1.2
Hexes          | 1 |  1.2
Summonings     | 1 |  1.2
Necromancy     | 1 |  1.2
Translocations | 1 |  1.2
Transmutations | 1 |  1.2
Fire Magic     | 1 |  1.2
Ice Magic      | 1 |  1.2
Air Magic      | 1 |  1.2
Earth Magic    | 1 |  1.2
Poison Magic   | 1 |  1.2
Invocations    | 1 |  1.7
Shapeshifting  | 1 |  1.2
Armour         | |  4.8
Stealth        | |  2.8
Evocations     | |  6.7

Action                     |  1- 3 |  4- 6 || total
---------------------------+-------+-------++-------
  Melee: Club              |    21 |    10 ||    31
         Bite              |     1 |     1 ||     2
  Evoke: Wand              |     5 |     4 ||     9
   Stab: Sleeping          |     1 |       ||     1
 Armour: Leather armour    |    13 |     4 ||    17
  Dodge: Dodged            |    17 |    10 ||    27

Table legend: (Time is in decaauts)
 A = Elapsed time spent in this place.
 B = Non-inter-level travel time spent in this place.
 C = Inter-level travel time spent in this place.
 D = Time resting spent in this place.
 E = Time spent auto-exploring this place.
 F = Levels seen in this place.
 G = Mean time per level.
                   A        B        C        D        E       F      G
               +--------+--------+--------+--------+--------+-----+--------+
         Total |    157 |    157 |      0 |      0 |     75 |   2 |   78.5 |
       Dungeon |    157 |    157 |      0 |      0 |     75 |   2 |   78.5 |
               +--------+--------+--------+--------+--------+-----+--------+

Top non-repeatable levels by time:
     D:1: 105 daAuts
     D:2: 51 daAuts
